| TOP OF THE 1ST |
|
South Bend Cubs batting - Pitching for Great Lakes Loons : RHP Jeremy Stock
|
|
Pitching: RHP Jeremy Stock
|
|
|
Batting: RHB Jason Ostrom
|
0-0: Ball 1-0: Called Strike 1-1: Foul Ball, location: 2F 1-2: Strikes out looking
|
|
Batting: LHB Bill Tardiff
|
0-0: Ball 1-0: Ball 2-0: Called Strike 2-1: SINGLE (Line Drive, 9S, EV 98.1 MPH)
|
|
Batting: RHB Mike Savage
|
0-0: Called Strike 0-1: Swinging Strike 0-2: Strikes out looking
|
|
Batting: LHB Mike DiNardo
|
0-0: Ball Bill Tardiff is caught stealing 2nd base 2-6
|
| Top of the 1st over - 0 runs, 1 hit, 0 errors, 0 left on base; South Bend 0 - Great Lakes 0 |
| BOTTOM OF THE 1ST |
|
Great Lakes Loons batting - Pitching for South Bend Cubs : RHP Daniel Sullivan
|
|
Pitching: RHP Daniel Sullivan
|
|
|
Batting: RHB Ken Jenkins
|
0-0: Ball 1-0: Ball 2-0: Ball 3-0: Called Strike 3-1: Called Strike 3-2: Foul Ball, location: 2F 3-2: Fly out, F7 (Flyball, 78XD, EV 105.0 MPH)
|
|
Batting: RHB Alex Mejia
|
0-0: Ball 1-0: Ball 2-0: Called Strike 2-1: Foul Ball, location: 2F 2-2: DOUBLE (Line Drive, 9LS, EV 110.6 MPH)
|
|
Batting: LHB Antonio Luis
|
0-0: Called Strike 0-1: Ball 1-1: Ball 2-1: Ball Alex Mejia steals 3rd base 3-1: Base on Balls
|
|
Batting: RHB Mike Sims
|
0-0: Called Strike 0-1: Called Strike 0-2: Ball 1-2: Ball 2-2: Strikes out swinging
|
|
Pitching: LHP Jose Carrillo
|
|
|
Batting: LHB Jim Chalk
|
0-0: Ball 1-0: Ball 2-0: Ball 3-0: Base on Balls Antonio Luis to second
|
|
Batting: LHB Alberto Chavez
|
0-0: Ball 1-0: Foul Ball, location: 2F 1-1: Ball 2-1: Foul Ball, location: 2F 2-2: GRAND SLAM HOME RUN (Flyball, 9LD, EV 96.3 MPH), Distance : 352 ft
|
|
Batting: RHB Phil Knox
|
0-0: Ball 1-0: Ball 2-0: Ball 3-0: Called Strike 3-1: Base on Balls
|
|
Batting: RHB Josh Kimbrell
|
0-0: Ball 1-0: Foul Ball, location: 2F 1-1: DOUBLE (Line Drive, 9LS, EV 113.1 MPH) Phil Knox to third Runner from 3rd tries for Home, throw by RF and OUT! 9-4-2
|
| Bottom of the 1st over - 4 runs, 3 hits, 0 errors, 1 left on base; South Bend 0 - Great Lakes 4 |
| TOP OF THE 2ND |
|
South Bend Cubs batting - Pitching for Great Lakes Loons : RHP Jeremy Stock
|
|
Batting: LHB Mike DiNardo
|
0-0: Ball 1-0: Called Strike 1-1: Ball 2-1: Foul Ball, location: 2F 2-2: Ball 3-2: Ground out U3 (Groundball, 3, EV 99.4 MPH)
|
|
Batting: LHB Shuan-yan Wu
|
0-0: Ground out U3 (Groundball, 13, EV 85.6 MPH)
|
|
Batting: SHB Benoît Morin
|
0-0: Called Strike 0-1: Foul Ball, location: 2F 0-2: Strikes out swinging
|
| Top of the 2nd over - 0 runs, 0 hits, 0 errors, 0 left on base; South Bend 0 - Great Lakes 4 |
| BOTTOM OF THE 2ND |
|
Great Lakes Loons batting - Pitching for South Bend Cubs : LHP Jose Carrillo
|
|
Batting: RHB Santos Guadalupe
|
0-0: Ball 1-0: Ball 2-0: Foul Ball, location: 2F 2-1: SINGLE (Groundball, 34D, EV 98.1 MPH)
|
|
Pitching: RHP Devin Ward
|
|
|
Batting: RHB Ken Jenkins
|
0-0: Swinging Strike 0-1: Ball 1-1: Ball 2-1: Ball 3-1: Foul Ball, location: 2F 3-2: Base on Balls Santos Guadalupe to second
|
|
Batting: RHB Alex Mejia
|
0-0: Ball 1-0: Ball 2-0: Ball 3-0: Called Strike 3-1: Base on Balls Santos Guadalupe to third Ken Jenkins to second
|
|
Batting: LHB Antonio Luis
|
0-0: Called Strike 0-1: GRAND SLAM HOME RUN (Line Drive, 9D, EV 104.4 MPH), Distance : 391 ft
|
|
Batting: RHB Mike Sims
|
0-0: Ball 1-0: Ball 2-0: Ball 3-0: Called Strike 3-1: Base on Balls
|
|
Pitching: RHP Jason Scott
|
|
|
Batting: LHB Jim Chalk
|
0-0: Ball 1-0: Called Strike 1-1: Ball 2-1: Ball 3-1: Foul Ball, location: 2F 3-2: Base on Balls Mike Sims to second
|
|
Batting: LHB Alberto Chavez
|
0-0: Called Strike 0-1: Swinging Strike 0-2: Strikes out swinging
|
|
Batting: RHB Phil Knox
|
0-0: Foul Ball, location: 2F 0-1: Ball 1-1: Fly out, F7 (Flyball, 7, EV 93.1 MPH)
|
|
Batting: RHB Josh Kimbrell
|
0-0: Called Strike 0-1: Ball 1-1: Ball 2-1: Called Strike 2-2: Foul Ball, location: 2F 2-2: Foul Ball, location: 2F 2-2: Ball 3-2: Base on Balls Mike Sims to third Jim Chalk to second
|
|
Pitching: RHP Eric Allen
|
|
|
Batting: RHB Santos Guadalupe
|
0-0: Fly out, F9 (Line Drive, 9, EV 99.4 MPH)
|
| Bottom of the 2nd over - 4 runs, 2 hits, 0 errors, 3 left on base; South Bend 0 - Great Lakes 8 |
| TOP OF THE 3RD |
|
South Bend Cubs batting - Pitching for Great Lakes Loons : RHP Jeremy Stock
|
|
Pitching: RHP Servaas Morrow
|
|
|
Batting: LHB Jim Polson
|
0-0: Ball 1-0: Foul Ball, location: 2F 1-1: Swinging Strike 1-2: Ball 2-2: Ball 3-2: Ground out U3 (Groundball, 3, EV 105.6 MPH)
|
|
Batting: RHB Omar Novoa
|
0-0: Called Strike 0-1: Foul Ball, location: 2F 0-2: Strikes out swinging
|
|
Batting: SHB Alvaro Andrade
|
0-0: Ball 1-0: Called Strike 1-1: Swinging Strike 1-2: Ball 2-2: Foul Ball, location: 2F 2-2: Strikes out swinging
|
| Top of the 3rd over - 0 runs, 0 hits, 0 errors, 0 left on base; South Bend 0 - Great Lakes 8 |
| BOTTOM OF THE 3RD |
|
Great Lakes Loons batting - Pitching for South Bend Cubs : RHP Eric Allen
|
|
Batting: RHB Ken Jenkins
|
0-0: Called Strike 0-1: Ball 1-1: Foul Ball, location: 2F 1-2: Foul Ball, location: 2F 1-2: Ground out 4-3 (Groundball, 4, EV 104.4 MPH)
|
|
Batting: RHB Alex Mejia
|
0-0: Called Strike 0-1: Fly out, F5 (Line Drive, 5, EV 66.3 MPH)
|
|
Batting: LHB Antonio Luis
|
0-0: Foul Ball, location: 2F 0-1: Ball 1-1: Fly out, F3 (Line Drive, 3, EV 74.4 MPH)
|
| Bottom of the 3rd over - 0 runs, 0 hits, 0 errors, 0 left on base; South Bend 0 - Great Lakes 8 |
| TOP OF THE 4TH |
|
South Bend Cubs batting - Pitching for Great Lakes Loons : RHP Servaas Morrow
|
|
Batting: RHB Jason Ostrom
|
0-0: Swinging Strike 0-1: Ball 1-1: Swinging Strike 1-2: Foul Ball, location: 2F 1-2: Ball 2-2: Strikes out swinging
|
|
Batting: LHB Bill Tardiff
|
0-0: Ball 1-0: Called Strike 1-1: Foul Ball, location: 2F 1-2: Ball 2-2: Fly out, F4 (Popup, 4, EV 72.5 MPH)
|
|
Batting: RHB Mike Savage
|
0-0: Called Strike 0-1: Foul Ball, location: 2F 0-2: Ball 1-2: Strikes out swinging
|
| Top of the 4th over - 0 runs, 0 hits, 0 errors, 0 left on base; South Bend 0 - Great Lakes 8 |
| BOTTOM OF THE 4TH |
|
Great Lakes Loons batting - Pitching for South Bend Cubs : RHP Eric Allen
|
|
Batting: RHB Mike Sims
|
0-0: Called Strike 0-1: Ball 1-1: Ball 2-1: SINGLE (Flyball, 6D, EV 92.5 MPH)
|
|
Batting: LHB Jim Chalk
|
0-0: Ball 1-0: SINGLE (Flyball, 8LM, EV 91.9 MPH) Mike Sims to second
|
|
Batting: LHB Alberto Chavez
|
0-0: Ball 1-0: Foul Ball, location: 2F 1-1: Swinging Strike 1-2: Ball 2-2: Foul Ball, location: 2F 2-2: Ball 3-2: Grounds into double play, 4-6-3 (Groundball, 4, EV 97.5 MPH) Mike Sims to third
|
|
Pitching: RHP Jean-Paul Lefebvre
|
|
|
Batting: RHB Phil Knox
|
0-0: Called Strike 0-1: SINGLE (Groundball, 34D, EV 96.9 MPH) Mike Sims scores
|
|
Batting: RHB Josh Kimbrell
|
0-0: Ball 1-0: Ball 2-0: Foul Ball, location: 2F 2-1: Foul Ball, location: 2F 2-2: Strikes out swinging
|
| Bottom of the 4th over - 1 run, 3 hits, 0 errors, 1 left on base; South Bend 0 - Great Lakes 9 |
| TOP OF THE 5TH |
|
South Bend Cubs batting - Pitching for Great Lakes Loons : RHP Servaas Morrow
|
|
Batting: LHB Mike DiNardo
|
0-0: Swinging Strike 0-1: Ball 1-1: Called Strike 1-2: Ball 2-2: Ball 3-2: Foul Ball, location: 2F 3-2: SINGLE (Groundball, 6MD, EV 99.4 MPH)
|
|
Batting: LHB Shuan-yan Wu
|
0-0: Fielders Choice at 2nd, 5-4 (Groundball, 5, EV 107.5 MPH)
|
|
Batting: SHB Benoît Morin
|
0-0: Foul Ball, location: 2F 0-1: Foul Ball, location: 2F 0-2: Ball 1-2: Strikes out swinging
|
|
Batting: LHB Jim Polson
|
0-0: Ball 1-0: Ball 2-0: Called Strike 2-1: Ground out 6-3 (Groundball, 56, EV 98.1 MPH)
|
| Top of the 5th over - 0 runs, 1 hit, 0 errors, 1 left on base; South Bend 0 - Great Lakes 9 |
| BOTTOM OF THE 5TH |
|
Great Lakes Loons batting - Pitching for South Bend Cubs : RHP Jean-Paul Lefebvre
|
|
Pitching: RHP Josh Deyo
|
|
|
Batting: RHB Santos Guadalupe
|
0-0: Ball 1-0: Ball 2-0: Ball 3-0: Base on Balls
|
|
Batting: RHB Ken Jenkins
|
0-0: Called Strike 0-1: Called Strike 0-2: Ball 1-2: Ball 2-2: Foul Ball, location: 2F 2-2: Ball 3-2: Foul Ball, location: 2F 3-2: Base on Balls Santos Guadalupe to second
|
|
Batting: RHB Alex Mejia
|
0-0: Ball 1-0: Called Strike 1-1: Fielders Choice at 2nd, 6-4 (Groundball, 6, EV 103.1 MPH) Santos Guadalupe to third
|
|
Batting: LHB Antonio Luis
|
0-0: Ball 1-0: Called Strike 1-1: SINGLE (Line Drive, 34, EV 97.5 MPH) Santos Guadalupe scores Alex Mejia to second
|
|
Pitching: LHP Nate George
|
|
|
Batting: RHB Mike Sims
|
0-0: Ball 1-0: Ball 2-0: Ball 3-0: Base on Balls Alex Mejia to third Antonio Luis to second
|
|
Batting: LHB Jim Chalk
|
0-0: Called Strike 0-1: Foul Ball, location: 2F 0-2: Ball 1-2: Strikes out swinging
|
|
Batting: LHB Alberto Chavez
|
0-0: Ball 1-0: Called Strike 1-1: Ball 2-1: DOUBLE (Line Drive, 78D, EV 105.6 MPH) Alex Mejia scores Antonio Luis scores Mike Sims to third
|
|
Batting: RHB Phil Knox
|
0-0: SINGLE (Flyball, 8RS, EV 91.3 MPH) Mike Sims scores Alberto Chavez to third
|
|
Batting: RHB Josh Kimbrell
|
0-0: Called Strike 0-1: Ball 1-1: Called Strike 1-2: Foul Ball, location: 2F 1-2: Strikes out swinging
|
| Bottom of the 5th over - 4 runs, 3 hits, 0 errors, 2 left on base; South Bend 0 - Great Lakes 13 |
| TOP OF THE 6TH |
|
South Bend Cubs batting - Pitching for Great Lakes Loons : RHP Servaas Morrow
|
|
Batting: RHB Omar Novoa
|
0-0: Ball 1-0: Ball 2-0: Called Strike 2-1: Swinging Strike 2-2: Foul Ball, location: 2F 2-2: Foul Ball, location: 2F 2-2: Ball 3-2: Strikes out swinging
|
|
Batting: SHB Alvaro Andrade
|
0-0: Foul Ball, location: 2F 0-1: Ball 1-1: Ball 2-1: SINGLE (Groundball, 34D, EV 97.5 MPH)
|
|
Batting: RHB Jason Ostrom
|
0-0: Called Strike 0-1: Swinging Strike 0-2: Strikes out looking
|
|
Batting: LHB Bill Tardiff
|
0-0: Ball Alvaro Andrade steals 2nd base (no throw) 1-0: Ball 2-0: Called Strike 2-1: Called Strike 2-2: Foul Ball, location: 2F 2-2: Strikes out looking
|
| Top of the 6th over - 0 runs, 1 hit, 0 errors, 1 left on base; South Bend 0 - Great Lakes 13 |
| BOTTOM OF THE 6TH |
|
Great Lakes Loons batting - Pitching for South Bend Cubs : LHP Nate George
|
|
Pitching: RHP John Madden
|
|
|
Batting: RHB Santos Guadalupe
|
0-0: Called Strike 0-1: Ball 1-1: Ground out U3 (Groundball, 13, EV 83.1 MPH)
|
|
Batting: RHB Ken Jenkins
|
0-0: DOUBLE (Line Drive, 9LS, EV 101.9 MPH)
|
|
Batting: RHB Alex Mejia
|
0-0: Ball 1-0: Ball Passed Ball! Ken Jenkins to third 2-0: Ground out 3-1 (Groundball, 34, EV 85.6 MPH) Ken Jenkins scores
|
|
Batting: LHB Antonio Luis
|
0-0: Ball 1-0: Ball 2-0: Ground out 4-3 (Groundball, 4, EV 110.0 MPH)
|
| Bottom of the 6th over - 1 run, 1 hit, 0 errors, 0 left on base; South Bend 0 - Great Lakes 14 |
| TOP OF THE 7TH |
|
South Bend Cubs batting - Pitching for Great Lakes Loons : RHP Servaas Morrow
|
|
Pitching: RHP Mark McDonald
|
|
|
Batting: RHB Mike Savage
|
0-0: Called Strike 0-1: Called Strike 0-2: Foul Ball, location: 2F 0-2: Ball 1-2: Ball 2-2: Foul Ball, location: 2F 2-2: Strikes out swinging
|
|
Batting: LHB Mike DiNardo
|
0-0: Ball 1-0: Called Strike 1-1: Ground out 4-3 (Groundball, 4, EV 103.1 MPH)
|
|
Batting: LHB Shuan-yan Wu
|
0-0: Foul Ball, location: 2F 0-1: Called Strike 0-2: Ball 1-2: Foul Ball, location: 2F 1-2: Strikes out swinging
|
| Top of the 7th over - 0 runs, 0 hits, 0 errors, 0 left on base; South Bend 0 - Great Lakes 14 |
| BOTTOM OF THE 7TH |
|
Great Lakes Loons batting - Pitching for South Bend Cubs : RHP John Madden
|
|
Batting: RHB Mike Sims
|
0-0: Ball 1-0: Called Strike 1-1: Ball 2-1: Ball 3-1: Foul Ball, location: 2F 3-2: SINGLE (Groundball, 56D, EV 104.4 MPH)
|
|
Pinch Hitting: LHB Chris Barrera
|
0-0: Ball 1-0: Ball 2-0: SINGLE (Groundball, 4D, EV 93.8 MPH) Mike Sims to second
|
|
Pitching: LHP Andy Bordeaux
|
|
|
Batting: LHB Alberto Chavez
|
0-0: Ball 1-0: Ball 2-0: Ball 3-0: Called Strike 3-1: Called Strike 3-2: Grounds into double play, 4-6-3 (Groundball, 4, EV 81.9 MPH) Mike Sims to third
|
|
Pinch Hitting: RHB Ashton Crenshaw
|
0-0: Called Strike 0-1: Swinging Strike 0-2: Ball 1-2: Ball 2-2: Ground out 3-1 (Groundball, 13, EV 83.1 MPH)
|
| Bottom of the 7th over - 0 runs, 2 hits, 0 errors, 1 left on base; South Bend 0 - Great Lakes 14 |
| TOP OF THE 8TH |
|
South Bend Cubs batting - Pitching for Great Lakes Loons : RHP Mark McDonald
|
|
Now at 2B: Ashton Crenshaw
|
|
|
Now in LF: Chris Barrera
|
|
|
Batting: SHB Benoît Morin
|
0-0: Called Strike 0-1: Ground out 4-3 (Groundball, 4, EV 86.3 MPH)
|
|
Batting: LHB Jim Polson
|
0-0: Ball 1-0: Called Strike 1-1: Called Strike 1-2: Ball 2-2: Ball 3-2: Foul Ball, location: 2F 3-2: Base on Balls
|
|
Batting: RHB Omar Novoa
|
0-0: Called Strike 0-1: Ball 1-1: Foul Ball, location: 2F 1-2: Ball 2-2: Foul Ball, location: 2F 2-2: Strikes out swinging
|
|
Batting: SHB Alvaro Andrade
|
0-0: Foul Ball, location: 2F Balk! Jim Polson to second 0-1: Swinging Strike 0-2: Ball 1-2: Foul Ball, location: 2F 1-2: Strikes out swinging
|
| Top of the 8th over - 0 runs, 0 hits, 0 errors, 1 left on base; South Bend 0 - Great Lakes 14 |
| BOTTOM OF THE 8TH |
|
Great Lakes Loons batting - Pitching for South Bend Cubs : LHP Andy Bordeaux
|
|
Batting: RHB Josh Kimbrell
|
0-0: Called Strike 0-1: Ball 1-1: Ball 2-1: Foul Ball, location: 2F 2-2: SOLO HOME RUN (Flyball, 7LD, EV 92.5 MPH), Distance : 345 ft
|
|
Batting: RHB Santos Guadalupe
|
0-0: Called Strike 0-1: Hit by Pitch
|
|
Batting: RHB Ken Jenkins
|
0-0: Called Strike 0-1: Ball 1-1: Ball 2-1: Called Strike 2-2: Ball 3-2: Foul Ball, location: 2F 3-2: Base on Balls Santos Guadalupe to second
|
|
Batting: RHB Alex Mejia
|
0-0: Ball 1-0: Swinging Strike 1-1: Ball 2-1: Ball Wild Pitch! Santos Guadalupe to third Ken Jenkins to second 3-1: Base on Balls
|
|
Batting: LHB Antonio Luis
|
0-0: Called Strike 0-1: Ball 1-1: SINGLE (Flyball, 6D, EV 89.4 MPH) Santos Guadalupe scores Ken Jenkins to third Alex Mejia to second
|
|
Batting: RHB Mike Sims
|
0-0: Swinging Strike 0-1: DOUBLE (Flyball, 8LXD, EV 99.4 MPH) Ken Jenkins scores Alex Mejia scores Antonio Luis to third
|
|
Batting: LHB Chris Barrera
|
0-0: Ball 1-0: Fly out, F5 (Popup, 25F, EV 83.1 MPH)
|
|
Pinch Hitting: RHB Sean Tanner
|
0-0: Swinging Strike 0-1: Swinging Strike 0-2: Ball 1-2: Ball 2-2: Foul Ball, location: 2F 2-2: Foul Ball, location: 2F 2-2: Ball 3-2: Base on Balls
|
|
Batting: RHB Ashton Crenshaw
|
0-0: Ball 1-0: GRAND SLAM HOME RUN (Flyball, 7D, EV 98.1 MPH), Distance : 355 ft
|
|
Batting: RHB Josh Kimbrell
|
0-0: Called Strike 0-1: SINGLE (Line Drive, 78S, EV 100.0 MPH)
|
|
Batting: RHB Santos Guadalupe
|
0-0: Ball 1-0: Grounds into double play, 4-6-3 (Groundball, 4, EV 106.3 MPH)
|
| Bottom of the 8th over - 8 runs, 5 hits, 0 errors, 0 left on base; South Bend 0 - Great Lakes 22 |
| TOP OF THE 9TH |
|
South Bend Cubs batting - Pitching for Great Lakes Loons : RHP Mark McDonald
|
|
Now at 1B: Jayden Copeland
|
|
|
Batting: RHB Jason Ostrom
|
0-0: Ball 1-0: Ball 2-0: Called Strike 2-1: Swinging Strike 2-2: Strikes out swinging
|
|
Batting: LHB Bill Tardiff
|
0-0: Foul Ball, location: 2F 0-1: Foul Ball, location: 2F 0-2: Ground out 6-3 (Groundball, 6, EV 85.0 MPH)
|
|
Batting: RHB Mike Savage
|
0-0: Reached on error, E4 (Groundball, 4S, EV 83.8 MPH)
|
|
Batting: LHB Mike DiNardo
|
0-0: Ball 1-0: Called Strike 1-1: Swinging Strike 1-2: Strikes out swinging
|
| Top of the 9th over - 0 runs, 0 hits, 1 error, 1 left on base; South Bend 0 - Great Lakes 22 |
|